 Dungeon Sprint DCSS version 0.30-a0-867-g305f33218d (webtiles) character file.

Game seed: 5740212364038544248

38 BigDaddyOpFi the Digger (level 3, -3/39 HPs)
             Began as a Draconian Earth Elementalist on Mar 10, 2023.
             Was a Believer of Vehumet.
             Slain by a gnoll sergeant
             ... wielding a +0 spear of flaming
              (5 damage)
             ... in the Dungeon (Sprint VII: "The Pits").
             The game lasted 00:01:16 (481 turns).

BigDaddyOpFi the Digger (DrEE)                       Turns: 481, Time: 00:01:17

Health: -3/39      AC:  5    Str: 10    XL:     3   Next: 25%
Magic:  6/7        EV: 12    Int: 17    God:    Vehumet [**....]
Gold:   0          SH:  0    Dex: 11    Spells: 7/8 levels left

rFire   . . .      SeeInvis .    g - +2 hand axe
rCold   . . .      Faith    .    (no shield)
rNeg    . . .      Spirit   .    (body armour unavailable)
rPois   .          Reflect  .    (helmet restricted)
rElec   .          Rampage  .    (no cloak)
rCorr   .          NoTele   +    (no gloves)
Will    .....                    (no boots) Stlth
                                 (no amulet)
HPRegen 0.26/turn                (no ring)
MPRegen 0.10/turn                (no ring)

@: berserking, very quick
A: AC +5, unfitting armour, cold-blooded
a: Renounce Religion


You were in the Dungeon.
You worshipped Vehumet.
Vehumet was pleased with you.
You visited 1 branch

Inventory:

Hand Weapons
 g - a +2 hand axe (weapon)
 k - a +1 hand axe of freezing
Scrolls
 f - a scroll of blinking
 i - 5 scrolls of amnesia
 j - a scroll of butterflies
Potions
 a - 3 potions of magic
 b - 6 potions of curing
 c - 4 potions of heal wounds
 d - a potion of haste
 e - 2 potions of berserk rage
 h - 2 potions of invisibility


   Skills:
 + Level 3.1 Dodging
 + Level 3.3 Stealth
 + Level 3.2 Spellcasting
 + Level 2.9 Transmutations
 + Level 4.1 Earth Magic


You had 7 spell levels left.
You knew the following spells:

 Your Spells              Type           Power      Damage    Failure   Level
a - Sandblast             Erth           32%        2d9       3%          1

Your spell library contained the following spells:

 Spells                   Type           Power      Damage    Failure   Level
 Kiss of Death            Conj/Necr      8%         2d6       17%         1
 Passwall                 Tmut/Erth      11%        N/A       6%          2
 Stone Arrow              Conj/Erth      18%        3d8       22%         3
 Petrify                  Tmut/Erth      14%        N/A       36%         4


Dungeon Overview and Level Annotations

Branches:
Dungeon (1/1)

Altars:
Ashenzari
Cheibriados
Dithmenos
Elyvilon
Fedhas
Gozag
Hepliaklqana
Kikubaaqudgha
Makhleb
Nemelex Xobeh
Okawaru
Qazlal
Ru
Sif Muna
Trog
Uskayaw
Vehumet
Wu Jian
Xom
Yredelemnul
Zin
The Shining One
Jiyva
Lugonu


Innate Abilities, Weirdness & Mutations

Your plain brown scales are hard. (AC +5)
You cannot fit into any form of body armour.
You are cold-blooded and may be slowed by cold attacks.


Message History

The floating eye's view fixates on you. The gnoll sergeant misses you.
A red film seems to cover your vision as you go berserk!
You feel yourself moving faster!
You feel mighty!
The iguana hisses menacingly.
The gnoll sergeant completely misses you.
You feel a strong urge to attack something.
The gnoll sergeant hits you with a +0 spear of flaming.
The gnoll sergeant burns you.
The floating eye gazes piercingly through you!
You suddenly lose the ability to move!
The gnoll sergeant hits you with a +0 spear of flaming!
The gnoll sergeant burns you. The floating eye seems to glare at you.
The gnoll sergeant barely misses you.
The floating eye gazes piercingly through you!
You shrug off the repeated paralysis!
The gnoll sergeant hits you with a +0 spear of flaming!
* * * LOW HITPOINT WARNING * * *
The gnoll sergeant burns you.
* * * LOW HITPOINT WARNING * * *
You can move again.
Unknown command.
Unknown command.
Unknown command.
Unknown command.
You barely miss the gnoll sergeant. The floating eye's view fixates on you.
The gnoll sergeant misses you.
You closely miss the gnoll sergeant.
The gnoll sergeant hits you with a +0 spear of flaming.
* * * LOW HITPOINT WARNING * * *
The gnoll sergeant burns you.
* * * LOW HITPOINT WARNING * * *
You hit the gnoll sergeant.
The gnoll sergeant is lightly wounded.
You hit the gnoll sergeant.
The gnoll sergeant is lightly wounded.
The gnoll sergeant hits you with a +0 spear of flaming.
You die...

##########.##.....
#.........).'.....
#'#####'#####.....
#.#...#.#[[##.....
#.#...#.#.)#####'#
#.#)..รท.#))##.....
#.##)####))##.....
#.#.....#..##.....
#@#.....#'###...<.
#g#........##.....
#g#........##.....
#l###########.....


#gG ###### #gg# #... ##.## .. You could see a gnoll sergeant, an iguana, a
floating eye (charged) and 4 gnolls.

Vanquished Creatures
  An iron imp (D)
  2 orcs (D)
  An endoplasm (D)
  A giant cockroach (D)
  A goblin (D)
  A hobgoblin (D)
  A ball python (D)
  A rat (D)
9 creatures vanquished.

Notes
Turn   | Place    | Note
-------+----------+-------------------------------------------
     0 | D        | BigDaddyOpFi the Draconian Earth Elementalist began the
                  | quest for the Orb.
     0 | D        | Reached XP level 1. HP: 14/14 MP: 3/3
    14 | D        | Found a bloodstained altar of Trog.
    14 | D        | Found a shimmering blue altar of Sif Muna.
    14 | D        | Found a viscous altar of Jiyva.
    14 | D        | Found a hazy altar of Hepliaklqana.
    14 | D        | Found an opulent altar of Gozag.
    15 | D        | Found a glowing golden altar of the Shining One.
    15 | D        | Found a glowing silver altar of Zin.
    15 | D        | Found a basalt altar of Yredelemnul.
    15 | D        | Found a shimmering altar of Xom.
    15 | D        | Found an ornate altar of the Wu Jian Council.
    15 | D        | Found a sacrificial altar of Ru.
    15 | D        | Found a stormy altar of Qazlal.
    15 | D        | Found an iron altar of Okawaru.
    15 | D        | Found a sparkling altar of Nemelex Xobeh.
    15 | D        | Found a burning altar of Makhleb.
    15 | D        | Found a blossoming altar of Fedhas.
    15 | D        | Found a white marble altar of Elyvilon.
    15 | D        | Found a shadowy altar of Dithmenos.
    15 | D        | Found a snail-covered altar of Cheibriados.
    17 | D        | Found a corrupted altar of Lugonu.
    17 | D        | Found a radiant altar of Vehumet.
    18 | D        | Found an ancient bone altar of Kikubaaqudgha.
    18 | D        | Found a hide-covered altar of Uskayaw.
    18 | D        | Found a broken altar of Ashenzari.
    25 | D        | Became a worshipper of Vehumet
   112 | D        | Reached * piety under Vehumet
   112 | D        | Offered knowledge of Kiss of Death by Vehumet.
   128 | D        | Reached XP level 2. HP: 18/20 MP: 0/5
   128 | D        | Reached ** piety under Vehumet
   151 | D        | Reached skill level 4 in Earth Magic
   151 | D        | Reached XP level 3. HP: 5/26 MP: 5/7
   464 | D        | Noticed a floating eye
   464 | D        | Noticed a gnoll sergeant
   466 | D        | Noticed a wolf
   466 | D        | Paralysed by a floating eye for 3 turns
   470 | D        | Paralysed by a floating eye for 2 turns
   474 | D        | Paralysed by a floating eye for 3 turns
   481 | D        | Slain by a gnoll sergeant

Illustrated notes

Levels and vault maps discovered:
D:        pitsprint [storerooms_1, entrance_room_1, metal_vault_7, armoury_1,
          mini_pit_1, grid_room_1, main_hall_1, silver_pit, the_coven_2,
          the_vestibule_1, steel_vault_1, golden_pit, hallway_of_sentries,
          crystal_vault_2, iron_vault_2, final_vault]

Skill      XL: |  1  2 |
---------------+-------+-----
Dodging        | 2 3 |  3.1
Stealth        | 2 3 |  3.3
Transmutations | 2 |  2.9
Spellcasting   | 3 |  3.2
Earth Magic    | 4 |  4.1

Action                     || total
---------------------------++-------
  Melee: Hand axe          ||    23
         Tailslap          ||     3
   Cast: Sandblast         ||    15
    Use: Potion            ||     5
 Armour: Skin              ||     8
  Dodge: Dodged            ||    24

Table legend: (Time is in decaauts)
 A = Elapsed time spent in this place.
 B = Non-inter-level travel time spent in this place.
 C = Inter-level travel time spent in this place.
 D = Time resting spent in this place.
 E = Time spent auto-exploring this place.
 F = Levels seen in this place.
 G = Mean time per level.
                   A        B        C        D        E       F      G
               +--------+--------+--------+--------+--------+-----+--------+
         Total |    493 |    474 |     19 |    286 |     12 |   1 |  493.0 |
       Dungeon |    493 |    474 |     19 |    286 |     12 |   1 |  493.0 |
               +--------+--------+--------+--------+--------+-----+--------+

Top non-repeatable levels by time:
       D: 493 daAuts
